 Dungeon Crawl Stone Soup version 0.30-b1-2-g02819fbbbe (webtiles) character file.

Game seed: 12737318538681096473

16706 LLlMATKO the Cleaver (level 12, -1/111 HPs)
             Began as a Minotaur Berserker on Oct 29, 2023.
             Was an Elder of Trog.
             Succumbed to poison (dark miasma)
             ... in a Gauntlet.
             The game lasted 00:15:27 (11018 turns).

LLlMATKO the Cleaver (Minotaur Berserker)          Turns: 11018, Time: 00:15:28

Health: -1/111     AC: 20    Str: 26    XL:     12   Next: 12%
Magic:  11/11      EV: 11    Int:  4    God:    Trog [****..]
Gold:   517        SH: 17    Dex: 19    Spells: 11/11 levels left

rFire   + . .        G - +0 war axe (vamp)
rCold   x . .        H - +0 tower shield
rNeg    . . .        b - +0 plate armour
rPois   .            (helmet restricted)
rElec   .            j - +2 cloak
rCorr   .            (no gloves)
SInv    .            m - +0 pair of boots
Will    ++...        F - amulet "Zugiybas" {Regen+ Dex+2} Stlth
                     g - +6 ring of dexterity
HPRegen 2.18/turn    h - ring of protection from fire
MPRegen 0.12/turn

%: no teleportation
@: lethally poisoned (-1 -> -65), strong-willed, on berserk cooldown,
regenerating, slowed, very slow
A: horns 2, retaliatory headbutt, cold vulnerability 1, devolution 1
a: Renounce Religion, Berserk, Trog's Hand, Brothers in Arms


You were in a Gauntlet.
You worshipped Trog.
Trog was greatly pleased with you.
You visited 2 branches of the dungeon, and saw 11 of its levels.
You also visited: Ossuary, Bailey and Gauntlet.

You collected 517 gold pieces.

Inventory:

Hand Weapons
 a - a +2 hand axe of flaming
 u - a +0 war axe
 z - a +0 war axe
 G - a +0 vampiric war axe (weapon)
Missiles
 i - 31 poisoned darts (quivered)
 B - a throwing net
Armour
 b - a +0 plate armour (worn)
 j - a +2 cloak (worn)
 m - a +0 pair of boots (worn)
 H - a +0 tower shield (worn)
Jewellery
 g - a +6 ring of dexterity (left hand)
 h - a ring of protection from fire (right hand)
 D - a ring of protection from cold
 F - the amulet "Zugiybas" (around neck) {Regen+ Dex+2}
   (You found it in a Gauntlet)

   [amulet of regeneration]

   Dex:       It affects your dexterity (+2).
   Regen:     It increases your rate of health regeneration.
Wands
 t - a wand of flame (11)
Scrolls
 c - a scroll of blinking
 f - a scroll of immolation
 l - 8 scrolls of identify
 q - 6 scrolls of teleportation
 v - 5 scrolls of enchant armour
 w - 2 scrolls of noise
 y - a scroll of fear
Potions
 d - 9 potions of heal wounds {unknown}
 e - 3 potions of berserk rage {unknown}
 k - 4 potions of brilliance {unknown}
 n - 2 potions of mutation
 p - 3 potions of might {unknown}
 r - 2 potions of lignification {unknown}
 s - 4 potions of haste
 x - 2 potions of resistance {unknown}
 A - a potion of degeneration {unknown}
 C - 5 potions of curing
 E - a potion of flight {unknown}


   Skills:
 + Level 11.7 Fighting
 + Level 11.7 Axes
 + Level 11.3 Armour
 + Level 10.4 Dodging
 + Level 9.3 Shields


You had 11 spell levels left.
You didn't know any spells.
Your spell library was empty.

Dungeon Overview and Level Annotations

Branches:
Dungeon (10/15)            Temple (0/1) D:7            Lair (1/5) D:8
    Orc (0/2) D:9         Ossuary (visited)          Bailey (visited)
Gauntlet (1/1)

Altars:
Elyvilon
Kikubaaqudgha
Makhleb
Nemelex Xobeh
Trog
Vehumet
Wu Jian
The Shining One

Shops:
D:8 [

Annotations:
D:3 2 transporters, mavignon's ghost, amateur NaIE Gauntlet 13 transporters, 17 runed translucent doors


Innate Abilities, Weirdness & Mutations

You have a pair of horns on your head.
You reflexively headbutt those who attack you in melee.
You are vulnerable to cold. (rC-)
You have hidden genetic defects.


Message History

You feel extremely sick. The spectral harpy claws you!
You feel drained.
You block the spectral harpy's attack. x2
The spectral harpy claws you but does no damage.
The death drake barely misses you.
The spectral harpy claws you but does no damage. x2
You slash the death drake! You headbutt the death drake!
You kill the death drake!
Trog accepts your kill.
You barely miss the spectral harpy.
You are engulfed in dark miasma.
You are more poisoned.
You feel extremely sick.
The spectral harpy claws you but does no damage.
You block the spectral harpy's attack. x2
The spectral harpy claws you but does no damage.
Your life force feels restored.
You hit the spectral harpy. You headbutt the spectral harpy!
The spectral harpy is almost destroyed.
You hit the spectral centaur warrior.
You are engulfed in dark miasma.
You are lethally poisoned!
* * * LOW HITPOINT WARNING * * *
You feel extremely sick.
You block the spectral harpy's attack. x2
The spectral harpy barely misses you. You furiously retaliate!
You headbutt the spectral harpy!
You destroy the spectral harpy!
Trog accepts your kill.
You block the spectral centaur warrior's attack.
The spectral centaur warrior kicks you but does no damage.
You slice the spectral centaur warrior!!
You headbutt the spectral centaur warrior!
You destroy the spectral centaur warrior!
Trog accepts your kill.
You are engulfed in dark miasma.
You are more poisoned.
* * * LOW HITPOINT WARNING * * *
You are no longer berserk.
You are exhausted.
You feel as though you will be slow longer.
You die...

.......................#8#
##########.###########.###
zzz)©.=..#.#kZ#.©.#.[#.#
z#...#^#.#.##Z.#.#..##.###
z#^#...#z#.#.#..#..#.#.#8#
z..###...#.#..#...#..#.###
.#..©###.#.##..#.#..##.#
.###...#z#.#.#..#..#.#.###
..^###.zz#.#..#†@.#..#.#8#
.#...#^#z#.#...#.#...#.###
......zzz#.#....#....#.#
######################.###
....©...........©#...§.#8#
####.#############....§###
8≈≈#.#..............####
####.#..............#8#
...#.#..###############


There were no monsters in sight!

Vanquished Creatures
  Erolcha (D:9)
  3 two-headed ogres
  A death yak (Lair:1)
  A death drake (Gauntlet)
  A shining eye (Gauntlet)
  A spectral centaur (Gauntlet)
  Joseph (D:8)
  3 elephants (Lair:1)
  A black mamba (Lair:1)
  A torpor snail (Lair:1)
  2 unseen horror zombies (D:9)
  2 cane toads (Lair:1)
  A spectral harpy (Gauntlet)
  A hornet (D:7)
  A meliai zombie (Gauntlet)
  2 centaur simulacra (Gauntlet)
  2 shadows (D:9)
  A wyvern (Lair:1)
  A wraith (D:9)
  Eustachio (D:4)
  A golden eye (Gauntlet)
  A steam dragon (D:8)
  A two-headed ogre zombie (D:9)
  Edmund (D:4)
  Duvessa (D:4)
  5 water moccasins (Lair:1)
  An ice beast (D:5)
  A sky beast (D:7)
  17 orc warriors
  2 black bears
  2 ogres
  4 centaurs
  A kobold brigand (D:8)
  3 phantoms
  8 bullfrogs
  2 gnoll sergeants
  4 scorpions
  11 wights
  Dowan (D:4)
  A hornet simulacrum (Gauntlet)
  A killer bee (D:4)
  3 centaur zombies (D:9)
  6 hounds
  2 jellies (D:5)
  Crazy Yiuf (D:2)
  2 gnoll boudas
  3 human zombies
  2 orc priests
  2 sleepcaps (D:5)
  4 iguanas
  8 orc wizards
  A killer bee zombie (D:9)
  7 ogre zombies (D:9)
  A boggart simulacrum (Gauntlet)
  3 mummies
  A howler monkey zombie (D:9)
  11 adders
  24 gnolls
  2 white imps
  2 adder zombies (Ossuary)
  A worm (D:2)
  3 dart slugs
  41 orcs
  7 ball pythons
  5 endoplasms
  6 giant cockroaches
  11 goblins
  8 hobgoblins
  12 jackals
  8 kobolds
  4 quokkas
  5 bats
  6 frilled lizards
  A goblin skeleton (D:9)
  4 goblin zombies
  10 hobgoblin zombies
  2 jackal zombies (Ossuary)
  11 kobold zombies (Ossuary)
  4 orc skeletons (D:9)
  25 orc zombies
  2 rats
  A rat zombie (Ossuary)
359 creatures vanquished.

Vanquished Creatures (collateral kills)
  A boulder beetle (D:9)
  An orc knight (Bailey)
2 creatures vanquished.

Vanquished Creatures (others)
  4 demonic plants (Gauntlet)
  9 fungi
  19 plants
  14 withered plants (Gauntlet)
46 creatures vanquished.

Grand Total: 407 creatures vanquished

Notes
Turn   | Place    | Note
-------+----------+-------------------------------------------
     0 | D:1      | LLlMATKO the Minotaur Berserker began the quest for the
                  | Orb.
     0 | D:1      | Reached XP level 1. HP: 19/19 MP: 0/0
    86 | D:1      | Reached XP level 2. HP: 27/27 MP: 1/1
   374 | D:1      | Reached XP level 3. HP: 30/33 MP: 2/2
   409 | D:1      | Reached ** piety under Trog
   432 | D:1      | Found a faded altar of an unknown god.
   923 | D:2      | Reached XP level 4. HP: 41/41 MP: 3/3
  1316 | D:2      | Found a runed translucent door.
  1323 | D:2      | Noticed Crazy Yiuf
  1378 | D:2      | Killed Crazy Yiuf
  1479 | D:3      | Found a transporter.
  1509 | D:3      | Reached XP level 5. HP: 47/47 MP: 4/4
  1619 | D:3      | Noticed mavignon's ghost (amateur NaIE)
  1620 | D:3      | Noticed an ogre
  1621 | D:3      | Found a transporter.
  1621 | D:3      | Noticed an ogre
  1742 | D:3      | Found a burning altar of Makhleb.
  1742 | D:3      | Noticed a blizzard demon
  1922 | D:3      | Reached *** piety under Trog
  2450 | D:4      | Noticed Duvessa
  2450 | D:4      | Noticed Dowan
  2464 | D:4      | Killed Duvessa
  2465 | D:4      | Reached skill level 5 in Fighting
  2465 | D:4      | Reached skill level 5 in Axes
  2465 | D:4      | Reached XP level 6. HP: 56/56 MP: 5/5
  2466 | D:4      | Killed Dowan
  2509 | D:4      | Found a sand-covered staircase.
  2517 | Ossuary  | Entered an ossuary
  2687 | Ossuary  | Reached **** piety under Trog
  2841 | D:4      | Reached skill level 5 in Armour
  2847 | D:4      | Reached XP level 7. HP: 30/62 MP: 6/6
  2932 | D:4      | Noticed Edmund
  2941 | D:4      | Killed Edmund
  3176 | D:4      | Reached skill level 5 in Dodging
  3306 | D:4      | Noticed Eustachio
  3329 | D:4      | Killed Eustachio
  3857 | D:5      | Entered Level 5 of the Dungeon
  3941 | D:5      | Reached XP level 8. HP: 62/71 MP: 7/7
  4033 | D:5      | Found a radiant altar of Vehumet.
  4425 | D:5      | Reached skill level 1 in Shields
  4687 | D:5      | Found a white marble altar of Elyvilon.
  5425 | D:6      | Reached XP level 9. HP: 80/80 MP: 8/8
  5987 | D:7      | Found a staircase to the Ecumenical Temple.
  6356 | D:7      | Paralysed by a hornet for 2 turns
  6364 | D:7      | Paralysed by a hornet for 1 turns
  6607 | D:7      | Found an ornate altar of the Wu Jian Council.
  7036 | D:8      | Found a glowing golden altar of the Shining One.
  7042 | D:8      | Reached ***** piety under Trog
  7065 | D:8      | Reached skill level 5 in Shields
  7084 | D:8      | Found a staircase to the Lair.
  7093 | D:8      | Found a flagged portal.
  7122 | Bailey   | Entered a bailey
  7253 | Bailey   | Reached XP level 10. HP: 69/91 MP: 9/9
  7443 | Bailey   | Identified the +12 arbalest of the Twisting Fool {heavy,
                  | rN+++ Stlth-}
  7444 | Bailey   | Noticed an orc knight
  7454 | Bailey   | Killed an orc knight
  7577 | D:8      | Noticed Joseph
  7590 | D:8      | Killed Joseph
  8014 | D:8      | Found Ixtineyh's Antique Armour Shoppe.
  8381 | D:9      | Noticed a boulder beetle
  8381 | D:9      | Found a bloodstained altar of Trog.
  8397 | D:9      | Killed a boulder beetle
  8398 | D:9      | Reached skill level 10 in Fighting
  8398 | D:9      | Reached skill level 10 in Axes
  8447 | D:9      | Found a sparkling altar of Nemelex Xobeh.
  8669 | D:9      | Found a staircase to the Orcish Mines.
  8673 | D:9      | Noticed a two-headed ogre
  8680 | D:9      | Killed a two-headed ogre
  8681 | D:9      | Reached XP level 11. HP: 100/100 MP: 10/10
  8875 | D:9      | Noticed Erolcha
  8884 | D:9      | Killed Erolcha
  8885 | D:9      | Reached skill level 10 in Armour
  9152 | D:9      | Found an ancient bone altar of Kikubaaqudgha.
  9643 | D:10     | Entered Level 10 of the Dungeon
  9708 | D:10     | Noticed a two-headed ogre
  9720 | D:10     | Killed a two-headed ogre
  9919 | D:10     | Noticed a two-headed ogre
  9930 | D:10     | Killed a two-headed ogre
 10102 | Lair:1   | Entered Level 1 of the Lair of Beasts
 10298 | Lair:1   | Noticed a death yak
 10317 | Lair:1   | Killed a death yak
 10390 | Lair:1   | Reached skill level 10 in Dodging
 10498 | Lair:1   | Found a gate leading to a gauntlet.
 10507 | Gauntlet | Entered a Gauntlet
 10507 | Gauntlet | Found a transporter.
 10507 | Gauntlet | Found a large runed translucent door.
 10507 | Gauntlet | Found a large runed translucent door.
 10507 | Gauntlet | Found a large runed translucent door.
 10507 | Gauntlet | Found a large runed translucent door.
 10507 | Gauntlet | Found a runed translucent door.
 10507 | Gauntlet | Found a runed translucent door.
 10507 | Gauntlet | Found a large runed translucent door.
 10507 | Gauntlet | Found a large runed translucent door.
 10507 | Gauntlet | Found a large runed translucent door.
 10507 | Gauntlet | Found a large runed translucent door.
 10507 | Gauntlet | Found a large runed translucent door.
 10507 | Gauntlet | Found a large runed translucent door.
 10508 | Gauntlet | Found a large runed translucent door.
 10508 | Gauntlet | Found a large runed translucent door.
 10516 | Gauntlet | Found a transporter.
 10527 | Gauntlet | Noticed a shining eye
 10532 | Gauntlet | Found a transporter.
 10537 | Gauntlet | Found a transporter.
 10550 | Gauntlet | Noticed a death drake
 10556 | Gauntlet | Found a transporter.
 10571 | Gauntlet | Found a transporter.
 10579 | Gauntlet | Noticed a sixfirhy
 10580 | Gauntlet | Noticed a sixfirhy
 10580 | Gauntlet | Noticed a sixfirhy
 10581 | Gauntlet | Noticed a sixfirhy
 10583 | Gauntlet | Found a transporter.
 10595 | Gauntlet | Found a transporter.
 10596 | Gauntlet | Noticed a reaper
 10607 | Gauntlet | Found a transporter.
 10609 | Gauntlet | Noticed a thrashing horror
 10613 | Gauntlet | Noticed a thrashing horror
 10619 | Gauntlet | Found a transporter.
 10636 | Gauntlet | Found a transporter.
 10653 | Gauntlet | Found a transporter.
 10655 | Gauntlet | Found a transporter.
 10655 | Gauntlet | Noticed a necromancer
 10673 | Gauntlet | Found a large runed translucent door.
 10674 | Gauntlet | Found a large runed translucent door.
 10678 | Gauntlet | Found a runed translucent gate.
 10678 | Gauntlet | Found a runed translucent gate.
 10678 | Gauntlet | Found a runed translucent gate.
 10680 | Gauntlet | Found a transporter.
 10680 | Gauntlet | Found the +10 morningstar "Eos" {elec, Halo rElec}
 10682 | Gauntlet | Found a transporter.
 10688 | Gauntlet | Found a large runed translucent door.
 10689 | Gauntlet | Found a large runed translucent door.
 10702 | Gauntlet | Found a transporter.
 10798 | Gauntlet | Found a transporter.
 10907 | Gauntlet | Found a transporter.
 10952 | Gauntlet | Reached XP level 12. HP: 110/110 MP: 11/11
 10955 | Gauntlet | Gained mutation: You have hidden genetic defects. [a
                  | shining eye]
 10956 | Gauntlet | Gained mutation: You are vulnerable to cold. (rC-) [a
                  | shining eye]
 10971 | Gauntlet | Identified the amulet "Zugiybas" {Regen+ Dex+2}
 11018 | Gauntlet | Succumbed to poison (dark miasma)

Illustrated notes

Levels and vault maps discovered:
D:1:      giann_bridges, layout_rooms, ebering_ecumenical_altar_hall
D:2:      layout_loops_cross, uniq_crazy_yiuf_cottage
D:3:      layout_loops_corners, makhleb_altar_promises_db,
          gammafunk_ghost_smash, hangedman_decor_opposing
D:4:      minmay_chambers_of_fours, layout_basic, enter_ossuary_5,
          minmay_tree_intersection, uniq_eustachio, uniq_edmund, uniq_duvessa
D:5:      wad_lake_hut, layout_basic, kennysheep_mini_moat,
          mainiacjoe_overflow_boulevard, grunt_decor_clamped, moated_statue
D:6:      layout_loops_corners
D:7:      layout_loops_corners, nicolae_wu_jian_glorious_leap,
          minmay_temple_entry_overgrown
D:8:      layout_basic, lemuel_round_altar, grunt_lair_entry_orc_guard_hut,
          enter_bailey_3, serial_shops, shop, uniq_joseph
D:9:      layout_basic, lemuel_mausoleum_altar_kikubaaqudgha, bloody_trog,
          nemelex_xobeh_ov_fountains_minmay, zombieorc2_lemuel, uniq_erolcha
D:10:     layout_cross
Lair:1:   layout_regular_city, gauntlet_entry_generic, grunt_megastairs_2
Gauntlet: gammafunk_gauntlet_one_two_three
          [minmay_gauntlet_arena_make_your_own_arena,
          gammafunk_gauntlet_arena_corners, nicolae_gauntlet_arena_quarters,
          gammafunk_gauntlet_arena_arrow_garden, nicolae_gauntlet_arena_grate_2,
          gammafunk_gauntlet_arena_mazey, gammafunk_gauntlet_arena_split_x,
          gammafunk_gauntlet_arena_grid, gammafunk_gauntlet_arena_teeth,
          dreamdust_gauntlet_exit_labyrinth]

Skill      XL: |  1  2  3  4  5  6  7  8  9 10 11 |
---------------+----------------------------------+-----
Axes           | 4 5 6 7 9 10 11 | 11.7
Fighting       | 4 5 6 7 9 10 11 | 11.7
Armour         | 3 4 5 6 7 8 9 11 | 11.3
Dodging        | 3 4 5 6 7 9 10 | 10.4
Shields        | 2 5 7 9 |  9.3

Action                     |  1- 3 |  4- 6 |  7- 9 | 10-12 || total
---------------------------+-------+-------+-------+-------++-------
  Melee: Hand axe          |    77 |   154 |   223 |       ||   454
         Headbutt          |    12 |    21 |    67 |    80 ||   180
         Punch             |     1 |     1 |     2 |       ||     4
         War axe           |       |       |   154 |   345 ||   499
 Invoke: Berserk           |     1 |     4 |     7 |    14 ||    26
         Brothers in Arms  |       |       |       |     2 ||     2
         Trog's Hand       |       |       |       |     6 ||     6
    Use: Scroll            |       |     6 |     4 |       ||    10
   Stab: Sleeping          |     1 |     2 |       |       ||     3
         Distracted        |       |       |       |     1 ||     1
 Armour: Animal skin       |    17 |    43 |     9 |       ||    69
         Chain mail        |       |       |   193 |    22 ||   215
         Plate armour      |       |       |       |   130 ||   130
  Dodge: Dodged            |    54 |   108 |   196 |   160 ||   518
  Block: Buckler           |       |       |    75 |    73 ||   148
         Tower shield      |       |       |       |   139 ||   139
